 Dungeon Crawl Stone Soup version 0.31-a0-1616-gbeaec30b81 (webtiles) character file.

Game seed: 11946501048122253617

224 Newt the Trooper (level 5, 0/42 HPs)
             Began as a Demonspawn Gladiator on Jan 10, 2024.
             Slain by Grinder (5 damage)
             ... on level 3 of the Dungeon.
             The game lasted 00:03:18 (3083 turns).

Newt the Trooper (Demonspawn Gladiator)             Turns: 3083, Time: 00:03:19

Health: 0/42       AC:  4    Str: 14 (16) XL:     5   Next: 67%
Magic:  5/5        EV: 12    Int:  7 (8)  God:
Gold:   148        SH:  0    Dex: 13 (15) Spells: 4/4 levels left

rFire   . . .        n - +2 hammer (drain)
rCold   . . .        (no shield)
rNeg    . . .        b - +0 leather armour
rPois   .            c - +0 helmet
rElec   .            (no cloak)
rCorr   .            (no gloves)
SInv    +            (no boots)
Will    .....        (no amulet)
Stlth   +            i - ring of see invisible
HPRegen 0.27/turn    (no ring)
MPRegen 0.09/turn

%: no passive effects
@: no status effects
A: demonic touch 2
a: no special abilities


You were on level 3 of the Dungeon.
You visited 1 branch of the dungeon, and saw 3 of its levels.

You collected 148 gold pieces.

Inventory:

Hand Weapons
 a - a +0 rapier
 n - a +2 hammer of draining (weapon)
 o - a +3 quarterstaff of chaos
Missiles
 e - 2 javelins (quivered)
 g - 2 poisoned darts
Armour
 b - a +0 leather armour (worn)
 c - a +0 helmet (worn)
 d - a +0 cloak
Jewellery
 i - a ring of see invisible (left hand)
Scrolls
 m - a scroll of noise
Potions
 f - a potion of enlightenment {unknown}
 h - 2 potions of degeneration
 k - a potion of berserk rage
 l - a potion of curing {unknown}


   Skills:
 - Level 4.0 Fighting
 - Level 4.0 Short Blades
 - Level 1.7 Throwing
 + Level 3.9 Dodging


You had 4 spell levels left.
You didn't know any spells.
Your spell library contained the following spells:

 Spells                   Type           Power      Damage    Failure   Level
 Sandblast                Erth           0%         2d4       52%         1
 Passwall                 Erth           0%         N/A       87%         3
 Stone Arrow              Conj/Erth      0%         3d7       87%         3
 Volatile Blastmotes      Fire/Tloc      0%         2d10      87%         3
 Brom's Barrelling Bould  Conj/Erth      0%         2d3       99%         4
 Fulminant Prism          Conj/Alch      0%         3d5       99%         4
 Iskenderun's Mystic Bla  Conj/Tloc      0%         2d3       99%         4


Dungeon Overview and Level Annotations

Branches:
Dungeon (3/15)

Altars:

Annotations:
D:3 Grinder


Innate Abilities, Weirdness & Mutations

Your touch may inflict irresistible damage on your foes.


Message History

You suddenly lose the ability to move!
Grinder gestures at you. Pain shoots through your body!
Grinder says, "Mostly I couldn't keep them alive."
Grinder gestures at you.
You shrug off the repeated paralysis!
Grinder hits you.
Grinder blinks!
You can move again.
You are too injured to fight recklessly!
Unknown command.
Unknown command.
Grinder gestures at you. You resist with significant effort.
Grinder blinks!
Unknown command.
Throw: 5 javelins
Press: ? - help, Q - select action, (/) - cycle Shift-Dir - straight line, f - Grinder
Aim: Grinder (heavily wounded, 52% to hit)
You throw a javelin. The javelin pierces through Grinder!
Grinder is almost dead.
Grinder gestures at you. Pain shoots through your body!
* * * LOW HITPOINT WARNING * * *
Throw: 4 javelins
Press: ? - help, Q - select action, (/) - cycle Shift-Dir - straight line, f/p - Grinder
Aim: Grinder (almost dead, 52% to hit)
You throw a javelin. The javelin pierces through Grinder.
Grinder is almost dead.
Grinder gestures at you. You resist with significant effort.
Throw: 3 javelins
Press: ? - help, Q - select action, (/) - cycle Shift-Dir - straight line, f/p - Grinder
Aim: Grinder (almost dead, 52% to hit)
You throw a javelin. The javelin completely misses Grinder.
Grinder hits you.
* * * LOW HITPOINT WARNING * * *
You writhe in agony.
You die...
Grinder says, "Hey, I wasn't done torturing you yet!"

#.# #.#.##....###.### #....##
#.# #.#.##..........###....##
#.####.#.##..........##.....##
#......#.##......§.....§....##
########.#####.≈≈§§≈§≈≈≈§.....
#...§.....≈§...##
#.≈.###.#.§§...#
####.#####.≈.#...#.≈....#
..(.....5@.≈.#._.#.≈....#
.###.#####.≈.#...#.≈....#
#.≈.#.# #§≈..### #.≈...
#.≈≈≈§≈≈ ..$...... ##..###..
..# ..


You could see Grinder.

Vanquished Creatures
  Crazy Yiuf (D:3)
  Natasha (thrice) (D:2)
  A gnoll (D:1)
  4 adders
  2 dart slugs
  3 ribbon worms
  5 ball pythons
  3 bats
  5 endoplasms
  4 hobgoblins
  8 jackals
  6 kobolds
  3 quokkas
  4 frilled lizards (D:1)
  7 goblins
  5 rats
64 creatures vanquished.

Notes
Turn   | Place    | Note
-------+----------+-------------------------------------------
     0 | D:1      | Newt the Demonspawn Gladiator began the quest for the Orb.
     0 | D:1      | Reached XP level 1. HP: 16/16 MP: 1/1
   111 | D:1      | Gained mutation: Your touch may inflict minor irresistible
                  | damage on your foes. [demonic ancestry]
   111 | D:1      | Reached XP level 2. HP: 7/23 MP: 2/2
   570 | D:1      | Reached XP level 3. HP: 22/29 MP: 3/3
   892 | D:1      | Found a faded altar of an unknown god.
  1344 | D:2      | Noticed Natasha
  1359 | D:2      | Killed Natasha
  1360 | D:2      | Reached XP level 4. HP: 6/37 MP: 4/4
  1494 | D:2      | Noticed Natasha
  1498 | D:2      | Killed Natasha
  1718 | D:2      | Noticed Natasha
  1725 | D:2      | Killed Natasha
  1726 | D:2      | Gained mutation: Your touch may inflict irresistible damage
                  | on your foes. [demonic ancestry]
  1726 | D:2      | Reached XP level 5. HP: 33/42 MP: 5/5
  2146 | D:3      | Found a runed translucent door.
  2147 | D:3      | Noticed Crazy Yiuf
  2471 | D:3      | Killed Crazy Yiuf
  3066 | D:3      | Noticed Grinder
  3072 | D:3      | Paralysed by Grinder for 5 turns
  3083 | D:3      | Slain by Grinder

Illustrated notes

Levels and vault maps discovered:
D:1:      minmay_arrival_jagged, layout_basic,
          dreamdust_ecumenical_altar_hidden_monk_grotto, minmay_misc_feat_tower,
          serial_park_tiny_1, minmay_misc_feat_doors,
          wander_ebering_terrifying_dragon_lair
D:2:      layout_basic, amethyst_killhole, minmay_misc_feat_diagonals,
          minmay_3d_cube, uniq_natasha
D:3:      layout_basic, mainiacjoe_overflow_brackets, roderic_serpentine_path,
          uniq_crazy_yiuf_cottage, uniq_grinder

Skill      XL: |  1  2  3  4 |
---------------+-------------+-----
Fighting       | 3 4 |  4.0
Short Blades   | 3 4 |  4.0
Dodging        | 3 |  3.9
Throwing       | |  1.7

Action                     |  1- 3 |  4- 6 || total
---------------------------+-------+-------++-------
  Melee: Rapier            |   119 |    45 ||   164
         Touch             |    14 |    16 ||    30
         Punch             |     1 |     1 ||     2
         Mace              |       |    23 ||    23
  Throw: Throwing net      |     5 |       ||     5
         Javelin           |     1 |     4 ||     5
    Use: Scroll            |     2 |     3 ||     5
         Potion            |       |     2 ||     2
   Stab: Held in net/web   |     1 |       ||     1
         Sleeping          |       |     2 ||     2
 Armour: Leather armour    |    59 |    37 ||    96
  Dodge: Dodged            |    86 |    51 ||   137

Table legend: (Time is in decaauts)
 A = Elapsed time spent in this place.
 B = Non-inter-level travel time spent in this place.
 C = Inter-level travel time spent in this place.
 D = Time resting spent in this place.
 E = Time spent auto-exploring this place.
 F = Levels seen in this place.
 G = Mean time per level.
                   A        B        C        D        E       F      G
               +--------+--------+--------+--------+--------+-----+--------+
         Total |   3122 |   3101 |     21 |    850 |   1776 |   3 | 1040.7 |
       Dungeon |   3122 |   3101 |     21 |    850 |   1776 |   3 | 1040.7 |
               +--------+--------+--------+--------+--------+-----+--------+

Top non-repeatable levels by time:
     D:1: 1135 daAuts
     D:3: 1058 daAuts
     D:2: 928 daAuts
